AoeStats
← Mhafiki

Arabia

507196802Analyzed
3v3 RM · 15d ago on Sep 17, 2026· 75m 35s· 6 players
Game mode
Random Map
Map size
Normal (6 player)
Population
200
Speed
Normal
Resources
Standard
Victory
Conquest
Starting age
Dark Age
Ending age
Imperial Age
RankedLock teamsTeams togetherTeam positionsShared explorationLock speedFull tech treeHidden civsTurbo modeCheats
Victory
Defeat
1186
+14
1179
+14
🇹🇼 Poles · Taiwan
1036
+20
🇺🇸 Ethiopians · United States
1214
-19
🇺🇸 Khmer · United States
1106
-15
🇺🇸 Dravidians · United States
1095
-14
<全聖德御>龍獨自升級
5:35 Loom
6:03 Loom
9:53 Feudal Age
10:50 Double-Bit Axe
11:49 Town Watch
17:23 Fletching
22:03 Castle Age
20:54 Horse Collar
23:03 Bow Saw
22:19 Crossbowman
22:55 Bodkin Arrow
25:38 Wheelbarrow
26:49 Gold Mining
26:41 Treadmill Crane
29:27 Ballistics
29:24 Heavy Plow
31:25 Gold Shaft Mining
35:31 Imperial Age
33:37 Hand Cart
35:45 Elite Skirmisher
36:20 Arbalester
37:05 Thumb Ring
37:02 Bracer
39:22 Chemistry
39:20 Stone Mining
38:58 Capped Ram
40:33 Masonry
40:31 Siege Engineers
47:31 Scale Mail Armor
47:42 Forging
47:56 Pikeman
48:36 Squires
48:22 Gambesons
48:22 Arson
48:55 Chain Mail Armor
49:45 Iron Casting
53:41 Two-Man Saw
53:08 Heavy Rocket Cart
57:50 Scale Barding Armor
58:34 Husbandry
61:14 Coinage
60:13 Halberdier
63:03 Plate Mail Armor
73:03 Light Cavalry
皮在洋
0:29 Loom
11:09 Feudal Age
14:55 Bloodlines
17:24 Scale Barding Armor
21:32 Double-Bit Axe
24:52 Castle Age
29:53 Horse Collar
31:02 Bow Saw
32:57 Gold Mining
33:53 Heavy Plow
40:24 Imperial Age
39:04 Wheelbarrow
40:43 Szlachta Privileges
40:53 Husbandry
41:26 Chain Barding Armor
42:12 Forging
43:35 Iron Casting
42:45 Cavalier
44:32 Hand Cart
46:22 Blast Furnace
46:29 Crop Rotation
48:19 Chemistry
47:40 Ballistics
47:16 Murder Holes
52:13 Scale Mail Armor
57:28 Lechitic Legacy
56:30 Light Cavalry
59:20 Winged Hussar
<全聖德御>紅溫烏薩奇
6:20 Loom
10:06 Feudal Age
16:22 Double-Bit Axe
18:54 Fletching
26:29 Castle Age
24:55 Horse Collar
27:10 Bodkin Arrow
27:54 Bow Saw
27:19 Crossbowman
28:20 Heavy Plow
36:35 Imperial Age
39:15 Chemistry
38:36 Ballistics
50:50 Wheelbarrow
51:17 Arbalester
55:16 Elite Skirmisher
55:58 Imperial Skirmisher
58:07 Two-Man Saw
59:54 Thumb Ring
60:32 Padded Archer Armor
62:30 Bracer
63:28 Leather Archer Armor
65:08 Ring Archer Armor
DVaso
10:48 Feudal Age
10:37 Loom
15:29 Castle Age
14:46 Bloodlines
15:41 Double-Bit Axe
15:37 Horse Collar
16:04 Light Cavalry
17:33 Scale Barding Armor
23:46 Gold Mining
24:09 Heavy Plow
25:14 Forging
27:29 Chain Barding Armor
28:45 Husbandry
30:26 Iron Casting
36:24 Imperial Age
36:18 Fletching
37:29 Bodkin Arrow
37:33 Hussar
40:48 Plate Barding Armor
41:30 Bow Saw
44:56 Blast Furnace
44:44 Cavalier
46:29 Double Crossbow
46:44 Siege Engineers
46:28 Heavy Scorpion
48:14 Wheelbarrow
47:25 Town Watch
49:12 Conscription
52:59 Ballistics
53:39 Chemistry
60:19 Bracer
63:28 Hand Cart
63:46 Crop Rotation
71:09 Masonry
70:58 Murder Holes
Triqem
13:09 Feudal Age
11:29 Loom
13:16 Feudal Age
19:39 Castle Age
18:00 Double-Bit Axe
17:56 Horse Collar
20:40 Squires
20:03 Pikeman
26:57 Thumb Ring
27:05 Thumb Ring
26:57 Fletching
29:38 Padded Archer Armor
30:46 Scale Barding Armor
36:07 Bodkin Arrow
41:03 Husbandry
40:39 Elite Skirmisher
43:28 Leather Archer Armor
46:49 Bow Saw
52:35 Imperial Age
50:35 Heavy Plow
55:12 Two-Man Saw
54:17 Gold Mining
59:43 Ballistics
62:25 Chemistry
63:39 Elite Elephant Archer
66:57 Ring Archer Armor
69:37 Wheelbarrow
69:21 Medical Corps
Mhafiki
1:29 Loom
8:28 Loom
10:15 Feudal Age
19:39 Castle Age
20:14 Double-Bit Axe
20:23 Gold Mining
20:13 Crossbowman
21:10 Stone Mining
26:59 Fletching
27:10 Padded Archer Armor
27:39 Bodkin Arrow
27:34 Elite Skirmisher
38:49 Imperial Age
41:17 Leather Archer Armor
41:20 Horse Collar
43:32 Chemistry
42:40 Capped Ram
44:31 Wheelbarrow
44:58 Conscription
45:26 Bracer
45:56 Ring Archer Armor
48:58 Forging
48:48 Scale Mail Armor
49:42 Halberdier
50:28 Crossbowman
52:05 Ballistics
51:56 Masonry
53:18 Thumb Ring
54:50 Bow Saw
55:51 Arbalester
63:03 Chain Mail Armor
63:58 Hand Cart
69:57 Iron Casting
69:28 Scale Barding Armor
69:27 Light Cavalry
70:09 Husbandry
70:45 Hussar
Connection lost

Rejoining the realm…

Still unreachable

The connection could not be restored.

Session expired

The server has moved on; the page needs a fresh start.